 Dungeon Crawl Stone Soup version 0.19-a0-860-g5c370dd (webtiles) character file.

756 4thArraOfDagon the Chopper (level 7, -3/62 HPs)
             Began as a Minotaur Abyssal Knight on July 2, 2016.
             Was an Elder of Lugonu.
             Slain by a gnoll
             ... wielding a +0 halberd
              (9 damage)
             ... on level 6 of the Dungeon.
             The game lasted 00:07:06 (1742 turns).

4thArraOfDagon the Chopper (MiAK)                   Turns: 1742, Time: 00:07:07

Health: -3/62      AC: 14    Str: 17    XL:     7   Next: 50%
Magic:  9/9        EV:  5    Int: 11    God:    Lugonu [****..]
Gold:   213        SH:  3    Dex:  9    Spells: 0 memorised, 6 levels left

rFire  x . .     SeeInvis .     a - +1 hand axe
rCold  + . .     Gourm    .     d - +0 plate armour
rNeg   . . .     Faith    .     (no shield)
rPois  .         Spirit   .     (helmet restricted)
rElec  .         Dismiss  .     (no cloak)
rCorr  .         Reflect  +     m - +1 pair of gloves
SustAt .         Harm     .     (no boots)
MR     .....                    i - +3 amulet of reflection
Stlth  ..........               q - ring of ice
                                l - ring of stealth

@: not resistant to hostile enchantments, extremely unstealthy
A: retaliatory headbutt, horns 2
a: Depart the Abyss, Bend Space, Banish, Corrupt, Renounce Religion


You were on level 6 of the Dungeon.
You worshipped Lugonu.
Lugonu was greatly pleased with you.
You were hungry.

You visited 1 branch of the dungeon, and saw 6 of its levels.
You visited the Abyss 1 time.
You also visited: Sewer.

You collected 213 gold pieces.

Inventory:

Hand Weapons
 a - a +1 hand axe (weapon)
Armour
 d - a +0 plate armour (worn)
 m - a +1 pair of gloves (worn)
Jewellery
 i - a +3 amulet of reflection (around neck)
 l - a ring of stealth (left hand)
 q - a ring of ice (right hand)
 u - an uncursed ring of resist corrosion
Wands
 p - a wand of acid (10/15)
 t - a wand of digging (10/24)
Scrolls
 b - 4 scrolls of remove curse
 e - 5 scrolls of fear {unknown}
 f - 2 scrolls of identify {unknown}
 h - a scroll of enchant weapon {unknown}
 k - 3 scrolls of noise {unknown}
 n - 2 scrolls of magic mapping {unknown}
 o - a scroll of blinking {unknown}
 r - 2 scrolls of teleportation {unknown}
Potions
 g - a potion of might {unknown}
Books
 s - a Necronomicon

   Spells                             Type                      Level
   a - Haunt                          Necromancy/Summoning         7
   b - Borgnjor's Revivification      Necromancy                   8
   c - Death's Door                   Charms/Necromancy            8
   d - Infestation                    Necromancy                   8
   e - Necromutation                  Transmutation/Necromancy     8
Comestibles
 c - a bread ration
 j - 4 fruits


   Skills:
 + Level 5.7 Fighting
 * Level 6.8 Axes
 + Level 4.6 Armour
 - Level 1.1 Dodging
 + Level 4.2 Invocations


You had 6 spell levels left.
You didn't know any spells.

Dungeon Overview and Level Annotations

Branches:
Dungeon (6/15)
 Temple: D:4-7

Altars:
Dithmenos
Gozag
Kikubaaqudgha
Nemelex Xobeh
Qazlal
Ru
Sif Muna
Trog
The Shining One

Annotations:
D:5 Menkaure


Innate Abilities, Weirdness & Mutations

You reflexively headbutt those who attack you in melee.
You have a pair of horns on your head.


Message History

The gnoll hits you but does no damage.
The centaur hits you but does no damage.
Unknown command.
Your plate armour prevents you from hitting the centaur.
The centaur is heavily wounded.
You hit the gnoll but do no damage. The centaur barely misses you.
The gnoll hits you with a halberd.
* * * LOW HITPOINT WARNING * * *
Unknown command.
You hit the gnoll but do no damage. You hit the centaur.
The centaur barely misses you. You furiously retaliate!
You headbutt the centaur.
You kill the centaur!
Lugonu accepts your kill. The gnoll hits you with a halberd!
* * * LOW HITPOINT WARNING * * *
Unknown command.
You barely miss the gnoll. You hit the gnoll but do no damage.
The gnoll hits you with a halberd!
You die...

.....####...... ...
.............# ....
#...........# .....
#...........# ...##
♣♣..P##.........####....#
.P♣.P #.........#.......#
..PP♣##.........#.......#
..♣P.##........)#.......#
....P#######...g@......#.
....♣♣P♣ #####.......#...
...♣.P.♣ #........#...
....♣.# #............
.)†(.## ###............
.†)).P♣## ♣..............
.())((.P##
♣...._.........
.))(.♣(P.#
###............
...♣♣.♣..♣###
##...........


You could see a gnoll.

Vanquished Creatures
  Duvessa (D:5)
  A centaur (D:6)
  A big kobold (D:6)
  Dowan (D:5)
  A crimson imp (D:5)
  A hound (D:4)
  3 orc wizards
  A centaur skeleton (D:5)
  A giant frog skeleton (D:4)
  An iguana (D:4)
  2 worker ants
  4 adders
  2 gnolls (D:6)
  A river rat (Sewer)
  A shadow imp (D:3)
  5 worms
  A dart slug (D:3)
  5 giant geckos
  9 orcs
  5 ball pythons
  A bat (D:2)
  5 giant cockroaches
  5 goblins
  2 hobgoblins
  A quokka (D:4)
  A giant gecko zombie (D:5)
  9 giant newts
  A jackal skeleton (D:3)
  21 kobolds
  10 rats
103 creatures vanquished.

Notes
Turn   | Place    | Note
-------+----------+-------------------------------------------
     0 | Abyss:1  | 4thArraOfDagon the Minotaur Abyssal Knight began the quest for the Orb.
     0 | Abyss:1  | Reached XP level 1. HP: 19/19 MP: 1/1
    27 | Abyss:2  | Noticed a deep elf demonologist
    28 | D:1      | Escaped the Abyss
    76 | D:1      | Found a glowing golden altar of the Shining One.
   104 | D:1      | Reached * piety under Lugonu
   135 | D:1      | Reached XP level 2. HP: 24/27 MP: 2/2
   202 | D:2      | Reached skill level 3 in Axes
   204 | D:2      | Found an ancient bone altar of Kikubaaqudgha.
   341 | D:2      | Reached XP level 3. HP: 29/33 MP: 3/3
   414 | D:3      | Found a deep blue altar of Sif Muna.
   425 | D:3      | Found a shadowy altar of Dithmenos.
   428 | D:3      | Found a sparkling altar of Nemelex Xobeh.
   464 | D:3      | Reached ** piety under Lugonu
   581 | D:3      | Reached XP level 4. HP: 37/40 MP: 4/4
   628 | D:3      | Found an opulent altar of Gozag.
   629 | D:3      | Found a sacrificial altar of Ru.
   737 | D:4      | Reached skill level 4 in Axes
   826 | D:4      | Found a stormy altar of Qazlal.
   855 | D:4      | Reached XP level 5. HP: 14/47 MP: 6/6
   926 | D:4      | Found a glowing drain.
   958 | Sewer    | Entered a sewer
  1352 | D:4      | Reached skill level 5 in Axes
  1372 | D:4      | Reached XP level 6. HP: 44/53 MP: 7/7
  1389 | D:5      | Entered Level 5 of the Dungeon
  1399 | D:5      | Reached *** piety under Lugonu
  1400 | D:5      | Noticed Duvessa
  1418 | D:5      | Killed Duvessa
  1418 | D:5      | Reached skill level 5 in Fighting
  1428 | D:5      | Noticed Dowan
  1448 | D:5      | Killed Dowan
  1448 | D:5      | Reached skill level 6 in Axes
  1448 | D:5      | Reached XP level 7. HP: 27/61 MP: 7/9
  1547 | D:5      | Noticed Menkaure
  1583 | D:6      | Found a bloodstained altar of Trog.
  1622 | D:6      | Reached **** piety under Lugonu
  1742 | D:6      | Slain by a gnoll

Vault maps used:
D:1:      mrwooster_arrival_arrow, tso_metal_star
D:2:      lemuel_round_altar, kiku_gazebo_garden_becter
D:3:      minmay_overflow_temple_star_quad, gammafunk_temple_overflow_pools,
          marbit_many_paths, first_bread
D:4:      gup_sewer_entry_glass, grunt_qazlal_clouds
D:5:      nemelex_lonely_heart_becter, uniq_menkaure, uniq_duvessa
D:6:      kennysheep_kobold_camp, bloody_trog
Abyss:2:  patterned_corridor
Sewer:    sewer_co_cracked_pipes

Skill      XL: |  1  2  3  4  5  6 |
---------------+-------------------+-----
Invocations    | 2 3 4 |  4.2
Axes           | 3 4 5 6 |  6.8
Fighting       | 4 5 |  5.7
Armour         | 3 4 |  4.6
Dodging        | |  1.1

Action                   |  1- 3 |  4- 6 |  7- 9 || total
-------------------------+-------+-------+-------++-------
Melee: Hand axe          |    68 |   142 |    63 ||   273
       Headbutt          |    13 |    18 |     9 ||    40
       Battleaxe         |     6 |    20 |       ||    26
Invok: Depart the Abyss  |     1 |       |       ||     1
  Use: Potion            |       |     4 |     3 ||     7
       Scroll            |       |     1 |       ||     1
  Eat: Chunk             |       |     2 |     1 ||     3
Armor: Plate armour      |    39 |   121 |    70 ||   230
       Skin              |       |     8 |       ||     8
Dodge: Dodged            |    30 |    32 |    22 ||    84
Block: Other             |     7 |    27 |     7 ||    41
       Reflection        |       |     1 |       ||     1
